 Dungeon Crawl Stone Soup version 0.24.0-41-g2ae2f7f1be (webtiles) character file.

Game seed: 8068830372389718879, levelgen mode: deterministic

1787 ReteAZ the Cleaver (level 8, -1/74 HPs)
             Began as a Deep Dwarf Fighter on Dec 11, 2019.
             Was a Follower of Makhleb.
             Killed by divine providence
             ... invoked by an orc priest
              (13 damage)
             ... on level 7 of the Dungeon.
             The game lasted 00:23:19 (5716 turns).

ReteAZ the Cleaver (Deep Dwarf Fighter)             Turns: 5716, Time: 00:23:20

Health: -1/74      AC: 13    Str: 22    XL:     8   Next: 82%
Magic:  8/8        EV:  8    Int:  7    God:    Makhleb [*.....]
Gold:   445        SH: 10    Dex: 12    Spells: 7/7 levels left

rFire    . . .     SeeInvis .   C - +2 hand axe (freeze)
rCold    . . .     Gourm    .   c - +0 shield
rNeg     . . .     Faith    .   p - +4 ring mail "Imoniyzukk" {rElec}
rPois    .         Spirit   .   (no helmet)
rElec    +         Reflect  .   (no cloak)
rCorr    .         Harm     .   q - +0 pair of gloves
MR       +....                  z - +0 pair of boots
Stlth    +.........             (no amulet)
HPRegen  0.00/turn              h - ring of wizardry
MPRegen  0.11/turn              F - ring of attention (curse)

@: non-regenerating
A: damage resistance, heal wounds, rugged brown scales 1, camouflage 1, dopey 1,
sense surroundings 1, no regeneration
a: Heal Wounds, Renounce Religion


You were on level 7 of the Dungeon.
You worshipped Makhleb.
Makhleb was aware of your devotion.
You were not hungry.

You visited 2 branches of the dungeon, and saw 8 of its levels.
You also visited: Ossuary.

You collected 445 gold pieces.

Inventory:

Hand Weapons
 a - a +0 war axe
 x - the +4 halberd "Mappiful" {chop, *Noise rN+ Str+2}
   (You found it on level 4 of the Dungeon)

   It inflicts extra damage upon your enemies.
   It affects your strength (+2).
   It protects you from negative energy.
   It may make noises in combat.
 C - a +2 hand axe of freezing (weapon)
Missiles
 k - 382 stones
 D - 5 boomerangs (quivered)
Armour
 b - a +0 scale mail
 c - a +0 shield (worn)
 l - a +0 plate armour
 p - the +4 ring mail "Imoniyzukk" (worn) {rElec}
   (You found it on level 6 of the Dungeon)

   It insulates you from electricity.
 q - a +0 pair of gloves (worn)
 z - a +0 pair of boots (worn)
Jewellery
 h - a ring of wizardry (left hand)
 s - an uncursed ring of wizardry
 F - a cursed ring of attention (right hand)
Wands
 A - a wand of acid (8)
 B - a wand of flame (16)
Scrolls
 e - 4 scrolls of teleportation {unknown}
 g - a scroll of remove curse
 m - a scroll of enchant weapon
 v - 2 scrolls of identify
 w - a scroll of fear
 y - 2 scrolls of enchant armour {unknown}
Potions
 d - 2 potions of might
 i - 5 potions of curing
 j - 2 potions of brilliance {unknown}
 n - 3 potions of flight
 o - a potion of magic
 r - a potion of berserk rage {unknown}
 u - 2 potions of invisibility {unknown}
 E - a potion of haste {unknown}
Comestibles
 f - 9 rations
 t - 6 chunks of flesh


   Skills:
 + Level 4.0 Fighting
 * Level 9.7 Axes
 - Level 6.1 Armour
 - Level 6.1 Shields


You had 7 spell levels left.
You didn't know any spells.
Your spell library was empty.

Dungeon Overview and Level Annotations

Branches:
Dungeon (7/15)             Temple (1/1) D:4         Ossuary (visited)

Altars:
Ashenzari
Dithmenos
Elyvilon
Fedhas
Hepliaklqana
Makhleb
Nemelex Xobeh
Okawaru
Qazlal
Ru
Sif Muna
Trog
Wu Jian
Yredelemnul
The Shining One


Innate Abilities, Weirdness & Mutations

You are resistant to damage.
You can heal yourself by infusing magical energy.
You passively map a small area around you.
You do not regenerate.
You are partially covered in rugged brown scales. (AC +1, +3% HP)
Your skin changes colour to match your surroundings (Stealth+).
You are dopey. (Int -2)


Message History

The ice beast hits you. The ice beast freezes you!
* * * LOW HITPOINT WARNING * * *
You hit the ice beast but do no damage.
The ice beast is moderately wounded.
The ice beast hits you. The ice beast freezes you.
* * * LOW HITPOINT WARNING * * *
You slash the ice beast!
The ice beast is severely wounded.
The ice beast hits you but does no damage.
You hit the ice beast but do no damage.
The ice beast is severely wounded.
You block the ice beast's attack.
You barely miss the ice beast.
The ice beast is severely wounded.
The ice beast barely misses you.
You hit the ice beast.
The ice beast is severely wounded.
The orc priest mumbles some strange prayers to Beogh against you.
Beogh smites you!
You die...

* ,
.o.#≈.##.####..#.##
..,
.....≈..#.##.#......
#.≈ ..
#≈.%..#......... *
*#.≈# ..
#≈.#####........
#.≈≈##.*#≈≈
*#...........
.≈≈≈.≈≈≈
#.##.##..... , .....
* #.##...)#...
#o#######.##.##)#...
#oY@......##......#.
#########.......#.#.
#######..... #.#...
####.#... #........
#.##.#... ##.##.##.#
#.....##.#


You could see an ice beast, an orc priest and an orc.

Vanquished Creatures
  Sigmund (D:2)
  A black bear (D:6)
  3 ogres
  2 centaurs (D:5)
  Blork the orc (D:6)
  2 elf zombies (Ossuary)
  A bullfrog (D:7)
  A scorpion (D:6)
  3 crimson imps
  2 centaur zombies
  3 hounds
  4 orc priests
  3 orc wizards
  3 worker ants
  2 big kobold zombies (Ossuary)
  2 mummies (Ossuary)
  4 adders
  2 oozes
  An adder zombie (Ossuary)
  An adder skeleton (D:5)
  4 worms
  A dart slug (D:1)
  4 leopard geckos
  26 orcs
  4 bats
  2 giant cockroaches
  2 goblins
  6 hobgoblins
  10 jackals
  5 quokkas
  3 ball pythons
  7 frilled lizards
  A giant cockroach zombie (D:6)
  8 hobgoblin zombies (Ossuary)
  2 jackal zombies
  7 kobolds
  5 kobold zombies (Ossuary)
  15 orc zombies (Ossuary)
  A quokka zombie (D:5)
  11 rats
  3 rat zombies
169 creatures vanquished.

Notes
Turn   | Place    | Note
-------+----------+-------------------------------------------
     0 | D:1      | ReteAZ the Deep Dwarf Fighter began the quest for the Orb.
     0 | D:1      | Reached XP level 1. HP: 20/20 MP: 1/1
   146 | D:1      | Reached skill level 3 in Axes
   146 | D:1      | Reached XP level 2. HP: 25/27 MP: 2/2
   634 | D:2      | Reached XP level 3. HP: 22/33 MP: 3/3
   865 | D:2      | Reached skill level 4 in Axes
  1087 | D:2      | Noticed Sigmund
  1115 | D:2      | Killed Sigmund
  1115 | D:2      | Reached skill level 5 in Axes
  1115 | D:2      | Reached XP level 4. HP: 17/40 MP: 4/4
  1115 | D:2      | Reached XP level 5. HP: 20/46 MP: 5/5
  1517 | D:3      | Found a stormy altar of Qazlal.
  1944 | D:4      | Gained mutation: You are dopey. (Int -2) [potion of
                  | mutation]
  1944 | D:4      | Gained mutation: Your skin changes colour to match your
                  | surroundings (Stealth+). [potion of mutation]
  1944 | D:4      | Gained mutation: You are partially covered in rugged brown
                  | scales. (AC +1, +3% HP) [potion of mutation]
  1945 | D:4      | Found a sand-covered staircase.
  1964 | Ossuary  | Entered an ossuary
  2166 | Ossuary  | Reached XP level 6. HP: 23/56 MP: 6/6
  2191 | Ossuary  | Reached skill level 6 in Axes
  2488 | D:4      | Found a staircase to the Ecumenical Temple.
  2511 | Temple   | Entered the Ecumenical Temple
  2645 | Temple   | Became a worshipper of Makhleb the Destroyer
  2706 | D:4      | Reached skill level 5 in Shields
  2848 | D:4      | Found a glowing golden altar of the Shining One.
  2946 | D:4      | Reached XP level 7. HP: 31/62 MP: 7/7
  3023 | D:4      | Noticed a moth of wrath
  3026 | D:4      | Found a bloodstained altar of Trog.
  3045 | D:4      | Reached skill level 5 in Armour
  3087 | D:4      | Got a pitted halberd
  3095 | D:4      | Identified the +4 halberd "Mappiful" {chop, *Noise rN+
                  | Str+2} (You found it on level 4 of the Dungeon)
  3320 | D:4      | Reached skill level 7 in Axes
  3652 | D:5      | Entered Level 5 of the Dungeon
  3877 | D:5      | Reached * piety under Makhleb
  4038 | D:5      | Reached XP level 8. HP: 30/70 MP: 8/8
  4076 | D:5      | Reached skill level 8 in Axes
  4348 | D:6      | Noticed Blork the orc
  4435 | D:6      | Got a polished ring mail
  4446 | D:6      | Identified the +4 ring mail "Imoniyzukk" {rElec} (You found
                  | it on level 6 of the Dungeon)
  4577 | D:6      | Killed Blork the orc
  4717 | D:6      | Found a sacrificial altar of Ru.
  4720 | D:6      | Found a shimmering blue altar of Sif Muna.
  4723 | D:6      | Found a bloodstained altar of Trog.
  4726 | D:6      | Found a white marble altar of Elyvilon.
  5050 | D:6      | Reached skill level 9 in Axes
  5350 | D:7      | Noticed an orc sorcerer
  5540 | D:7      | Found a hazy altar of Hepliaklqana.
  5716 | D:7      | Killed from afar by an orc priest

Levels and vault maps discovered:
D:1:      giann_horns, layout_loops_cross
D:2:      layout_rooms, serial_co_window_serial, co_window_cross_1,
          co_window_of_opportunity_a, co_window_of_opportunity_a,
          co_window_corner_a, co_window_corner_a, co_window_paths_b,
          co_window_paths_a, co_window_corner_ca, co_window_unsneaky_path_a,
          co_window_2corner, co_window_corner_ca, first_ration, uniq_sigmund
D:3:      layout_rooms, grunt_qazlal_sundering
D:4:      layout_basic, lemuel_crystal_altar,
          minmay_temple_entry_statues_pillars, enter_ossuary_3, tgw_trog
D:5:      layout_basic, minivault_1
D:6:      layout_gridville, grunt_temple_overflow_cloverleaf, uniq_blork_the_orc
D:7:      cheibrodos_wizards_tower, layout_loops_cross, lemuel_doored_altar
Temple:   minmay_temple_curvy_loop

Skill      XL: |  1  2  3  4  5  6  7  8 |
---------------+-------------------------+-----
Axes           | 3 5 6 7 9 |  9.7
Armour         | 4 5 6 |  6.1
Shields        | 4 5 6 |  6.1
Fighting       | 4 |  4.0

Action                   |  1- 3 |  4- 6 |  7- 9 || total
-------------------------+-------+-------+-------++-------
Melee: War axe           |   116 |   198 |   104 ||   418
       Halberd           |       |       |    27 ||    27
       Hand axe          |       |       |    61 ||    61
Throw: Stone             |       |       |     5 ||     5
       Boomerang         |       |       |    12 ||    12
 Abil: Heal Wounds       |       |     1 |       ||     1
  Use: Scroll            |       |     7 |     1 ||     8
       Potion            |       |     1 |     4 ||     5
 Stab: Sleeping          |       |       |     1 ||     1
  Eat: Chunk             |     1 |     6 |     9 ||    16
Armor: Scale mail        |    35 |       |       ||    35
       Plate armour      |    10 |   106 |    36 ||   152
       Ring mail         |       |       |    25 ||    25
Dodge: Dodged            |    28 |    19 |    38 ||    85
Block: Shield            |    75 |    87 |    69 ||   231
